 Dungeon Crawl Stone Soup version 0.26-a0-665-gefeb406119 (webtiles) character file.

Game seed: 806602666306482972

358461 ringo67 the Spry (level 21, -20/108 HPs)
             Began as a Felid Fire Elementalist on Oct 14, 2020.
             Was the Champion of Vehumet.
             Killed by the air
             ... invoked by a titan
              (26 damage)
             ... on level 5 of the Vaults on Oct 16, 2020.
             The game lasted 07:56:42 (147477 turns).

ringo67 the Spry (Felid Fire Elementalist)        Turns: 147477, Time: 07:56:42

Health: -20/108    AC:  3    Str:  4    XL:     21   Next: 43%
Magic:  0/42       EV: 36    Int: 30    God:    Vehumet [******]
Gold:   3647       SH:  0    Dex: 19    Spells: 0/52 levels left
                                        Lives:  0   Deaths: 4

rFire    . . .     SeeInvis +   (weapon unavailable)
rCold    + . .     Faith    .   (shield unavailable)
rNeg     . . .     Spirit   +   (armour unavailable)
rPois    .         Reflect  .   (helmet unavailable)
rElec    .         Harm     .   (cloak unavailable)
rCorr    .         Rampage  .   (gloves unavailable)
MR       +++..                  (boots unavailable)
Stlth    ++++++....             j - amulet of guardian spirit
HPRegen  0.28/turn              b - +6 ring of intelligence
MPRegen  0.28/turn              N - ring of wizardry

@: hasted, very quick
A: very small, no armour, no weapons or thrown items, stealth, claws 1, fangs 3,
horns 1, see invisible, speed 1, mutation resistance 1, shaggy fur 3, sharp paws
}: 2/15 runes: decaying, gossamer
a: Renounce Religion


You were on level 5 of the Vaults.
You worshipped Vehumet.
Vehumet was exalted by your worship.
You visited 9 branches of the dungeon, and saw 45 of its levels.
You visited 1 bazaar.
You also visited: Sewer, Volcano and Wizlab.

You collected 8343 gold pieces.
You spent 4696 gold pieces at shops.

Inventory:

Missiles
 t - 1423 stones
Jewellery
 b - a +6 ring of intelligence (left paw)
 j - an amulet of guardian spirit (around neck)
 u - the ring of Hufumm {*Corrode +Inv rF+ rN+ Stlth+}
   (You found it on level 3 of the Depths)

   [ring of protection from fire]

   It protects you from fire.
   It protects you from negative energy.
   It lets you turn invisible.
   It may corrode you when you take damage.
   It makes you more stealthy.
 v - an uncursed ring of stealth
 x - the ring of Divine Intervention {MR+ Dex+7 Stlth+}
   (You found it on level 3 of the Depths)

   [ring of stealth]

   It affects your dexterity (+7).
   It affects your resistance to hostile enchantments.
   It makes you more stealthy.
 D - the ring "Wipsocem" {*Corrode rN+ MR+ Str+3 Slay-3 SInv}
   (You bought it in a shop in a bazaar)

   [ring of see invisible]

   It affects your strength (+3).
   It affects your accuracy and damage with ranged weapons and melee attacks
   (-3).
   It protects you from negative energy.
   It affects your resistance to hostile enchantments.
   It lets you see invisible.
   It may corrode you when you take damage.
 E - the amulet "Ymmit" {Spirit MR- Int+6}
   (You found it on level 2 of the Spider Nest)

   [amulet of guardian spirit]

   It causes incoming damage to be split between your health and magic.
   It affects your intelligence (+6).
   It affects your resistance to hostile enchantments.
 I - an uncursed ring of positive energy
 L - the ring "Voap Qoa" {rElec rF+ MP+9 Str-2 SInv}
   (You acquired it on level 2 of the Swamp)

   [ring of protection from fire]

   It affects your strength (-2).
   It protects you from fire.
   It insulates you from electricity.
   It affects your magic capacity (+9).
   It lets you see invisible.
 N - a ring of wizardry (right paw)
 O - an uncursed ring of protection from fire
 S - the ring of Twilight {Str+2 Slay+4}
   (You took it off a deep elf high priest on level 3 of the Depths)

   [ring of slaying]

   It affects your strength (+2).
   It affects your accuracy and damage with ranged weapons and melee attacks
   (+4).
 V - the ring "Josapyirgh" {rPois rC+ Stlth+}
   (You took it off a deep elf high priest on level 3 of the Elven Halls)

   [ring of poison resistance]

   It protects you from cold.
   It protects you from poison.
   It makes you more stealthy.
 W - the amulet of Sif Muna's Pride {Reflect rPois MR- Int+4 SH+5 SInv}
   (You took it off a deep elf demonologist on level 3 of the Elven Halls)

   [amulet of reflection]

   It shields you and reflects attacks.
   It affects your intelligence (+4).
   It protects you from poison.
   It affects your resistance to hostile enchantments.
   It lets you see invisible.
   It affects your SH (+5).
 Y - an uncursed ring of protection from fire
 Z - an uncursed ring of protection from magic
Wands
 q - a wand of flame (76)
 y - a wand of digging (25)
 B - a wand of polymorph (47)
 C - a wand of paralysis (23)
 G - a wand of enslavement (17)
 J - a wand of iceblast (40)
 K - a wand of disintegration (36)
 P - a wand of acid (38)
Scrolls
 a - 6 scrolls of amnesia
 c - a scroll of magic mapping
 d - a scroll of summoning
 e - 2 scrolls of fog
 n - 6 scrolls of teleportation
 p - 29 scrolls of remove curse
 w - 13 scrolls of identify
 z - 2 scrolls of silence
 T - 2 scrolls of fear
 X - a scroll of holy word
Potions
 f - 4 potions of flight
 g - 15 potions of curing
 h - a potion of magic
 i - 7 potions of brilliance
 k - 11 potions of might
 l - 7 potions of lignification
 m - 6 potions of invisibility
 o - 9 potions of berserk rage
 r - 10 potions of haste
 A - 5 potions of stabbing
 H - 2 potions of resistance
 M - 2 potions of mutation
 Q - 3 potions of cancellation
Miscellaneous
 R - a condenser vane (2/2)


   Skills:
 + Level 19.1 Fighting
 - Level 20.0 Dodging
 - Level 12.3 Stealth
 - Level 16.0 Spellcasting
 + Level 17.5 Conjurations
 - Level 4.0 Summonings
 - Level 8.0 Transmutations
 + Level 17.5 Fire Magic
 + Level 14.2 Earth Magic
 - Level 3.1 Evocations


You couldn't memorise any spells.
You knew the following spells:

 Your Spells              Type           Power        Failure   Level
a - Foxfire               Conj/Fire      ####         0%          1
b - Lehudib's Crystal Sp  Conj/Erth      #######...   2%          8
c - Spellforged Servitor  Conj/Summ      ######....   2%          7
d - Fireball              Conj/Fire      #######...   1%          5
e - Fire Storm            Conj/Fire      #######...   16%         9
f - Mephitic Cloud        Conj/Pois/Air  ######..     1%          3
h - Iron Shot             Conj/Erth      #######...   1%          6
i - Statue Form           Tmut/Erth      ######...    1%          6
j - Borgnjor's Vile Clut  Necr/Erth      ######....   1%          5
k - Blink                 Tloc           N/A          1%          2

Your spell library contained the following spells:

 Spells                   Type           Power        Failure   Level
 Tornado                  Air            ###.......   100%        9
 Magic Dart               Conj           ####         0%          1
 Sandblast                Erth           ######       0%          1
 Searing Ray              Conj           ######       0%          2
 Conjure Flame            Conj/Fire      #######.     0%          3
 Stone Arrow              Conj/Erth      ######       0%          3
 Sticky Flame             Conj/Fire      #######.     0%          4
 Animate Skeleton         Necr           ###...       1%          1
 Beastly Appendage        Tmut           ######       1%          1
 Corona                   Hex            ###....      1%          1
 Freeze                   Ice            ###.         1%          1
 Pain                     Necr           ###.         1%          1
 Sting                    Tmut/Pois      ####         1%          1
 Summon Small Mammal      Summ           ####         1%          1
 Call Imp                 Summ           #####...     1%          2
 Ensorcelled Hibernation  Hex/Ice        ###...       1%          2
 Passwall                 Tmut/Erth      ######..     1%          2
 Poisonous Vapours        Pois/Air       ###...       1%          2
 Wereblood                Tmut           ######..     1%          2
 Call Canine Familiar     Summ           #####...     1%          3
 Dazzling Flash           Conj/Hex       ######       1%          3
 Frozen Ramparts          Ice            ###...       1%          3
 Ignite Poison            Fire/Tmut/Pois ######..     1%          3
 Inner Flame              Hex/Fire       ######..     1%          3
 Spider Form              Tmut/Pois      #####.....   1%          3
 Static Discharge         Conj/Air       ######..     1%          3
 Summon Guardian Golem    Hex/Summ       #####...     1%          3
 Fulminant Prism          Conj/Hex       ######....   1%          4
 Hailstorm                Conj/Ice       ######..     1%          4
 Ice Form                 Ice/Tmut       #####...     1%          4
 Iskenderun's Mystic Bla  Conj/Tloc      ######..     1%          4
 Leda's Liquefaction      Hex/Erth       ######....   1%          4
 Petrify                  Tmut/Erth      ######..     1%          4
 Blade Hands              Tmut           ######....   1%          5
 Bolt of Magma            Conj/Fire/Erth #######...   1%          5
 Irradiate                Conj/Tmut      #######...   1%          5
 Iskenderun's Battlesphe  Conj           #######.     1%          5
 Lee's Rapid Deconstruct  Erth           #######...   1%          5
 Lightning Bolt           Conj/Air       ######....   1%          5
 Yara's Violent Unravell  Hex/Tmut       #####.....   1%          5
 Conjure Ball Lightning   Conj/Air       ######....   1%          6
 Orb of Destruction       Conj           #######...   1%          7
 Ignition                 Fire           #######...   1%          8
 Confusing Touch          Hex            ###.....     2%          3
 Gell's Gravitas          Tloc           ###.......   2%          3
 Lesser Beckoning         Tloc           ###.......   2%          3
 Ozocubu's Armour         Ice            ###.....     2%          3
 Teleport Other           Tloc           ###.....     2%          3
 Tukima's Dance           Hex            ###.....     2%          3
 Vampiric Draining        Necr           ###.......   2%          3
 Olgreb's Toxic Radiance  Pois           ###.....     2%          4
 Summon Ice Beast         Ice/Summ       #####...     3%          4
 Summon Lightning Spire   Summ/Air       #####...     3%          4
 Hydra Form               Tmut           ######....   4%          6
 Animate Dead             Necr           ###.......   8%          4
 Cause Fear               Hex            ###.......   8%          4
 Passage of Golubria      Tloc           N/A          8%          4
 Agony                    Necr           ###.....     21%         5
 Metabolic Englaciation   Hex/Ice        ###.......   21%         5
 Silence                  Hex/Air        ###.......   21%         5
 Shadow Creatures         Summ           N/A          22%         6
 Dragon Form              Tmut           ######....   24%         7
 Shatter                  Erth           #######...   45%         9
 Death Channel            Necr           ###.......   71%         6
 Simulacrum               Ice/Necr       ###.......   71%         6
 Discord                  Hex            ###.......   100%        8


Dungeon Overview and Level Annotations

Branches:
Dungeon (15/15)            Temple (1/1) D:5            Lair (6/6) D:9
  Swamp (4/4) Lair:2       Spider (4/4) Lair:2        Slime (0/5) Lair:5
    Orc (2/2) D:10            Elf (3/3) Orc:2        Vaults (5/5) D:14
  Crypt (0/3) Vaults:3     Depths (5/5) D:15            Zot (0/5) Depths:5
  Sewer (visited)         Volcano (visited)          WizLab (visited)

Altars:
Ashenzari
Cheibriados
Dithmenos
Elyvilon
Fedhas
Gozag
Hepliaklqana
Kikubaaqudgha
Makhleb
Nemelex Xobeh
Okawaru
Qazlal
Ru
Sif Muna
Trog
Uskayaw
Vehumet
Wu Jian
Xom
Yredelemnul
Zin
The Shining One

Shops:
D:5 [   D:7 :   D:8 *   Orc:2 !!!:[   Elf:1 *   Elf:3 [   Vaults:1 !
Vaults:3 :   Vaults:4 *   Vaults:5 !   Depths:1 }   Depths:5 (

Portals:
Hell: Depths:1 Depths:2 Depths:3 Depths:4 Depths:5
Abyss: D:3 Depths:3 Depths:4
Pandemonium: Orc:2 Depths:2 Depths:3
Ziggurat: Depths:5
Trove: D:14 (give 7 scrolls of fear)

Annotations:
D:14 2 transporters, Kaverida's ghost, journeyman OgCK
Lair:1 1 runed translucent door, robertstho's ghost, journeyman KoHu
Lair:5 1 runed translucent door, Snorg
Lair:6 1 runed translucent door, exclusion: 4 oklob plants, rz's ghost, journeyman DrIE
Elf:2 3 runed translucent doors
Vaults:2 Sojobo
Depths:1 2 transporters, 1 runed translucent door, Vuf Xam's ghost, adept DgCj
Depths:2 3 runed translucent doors, Qiddiboepp's ghost, adept DgCj
Depths:3 2 runed translucent doors


Innate Abilities, Weirdness & Mutations

You cannot wear armour.
You are incapable of wielding weapons or throwing items.
Your paws allow you to move quietly. (Stealth)
You have sharp claws.
You have razor-sharp teeth.
You have supernaturally acute eyesight. (SInv)
You cover ground quickly.
Your thick and shaggy fur keeps you warm. (AC +3, rC+)
Your sharp claws are effective at attacking unaware monsters.
You have a pair of small horns on your head.
You are somewhat resistant to further mutation.


Message History

As you read the scroll of fog, it crumbles to dust.
The scroll dissolves into smoke.
As you read the scroll of fear, it crumbles to dust.
You assume a fearsome visage.
The deep elf death mage looks frightened!
The tentacled monstrosity is unaffected.
The yaktaur captain looks frightened!
The yaktaur looks frightened!
The yaktaur captain gives up.
The yaktaur captain shoots a bolt.
The bolt misses you.
You see here a bolt.
Casting: Lehudib's Crystal Spear (dangerous; 2% risk of failure)
Confirm with . or Enter, or press ? or * to list all spells.
You blink.
A titan comes into view.
A purple very ugly thing comes into view.
The yaktaur captain shoots a bolt.
The bolt hits you!!!
* * * LOW HITPOINT WARNING * * *
The titan waves its arms in wide circles.
The air twists around and strikes you!!
You die...

........D.[p....####.....#
...........#..............
.......u...#..............
......#†...##.............
......#....##.............
#..C.##.............
#....##........#####
#....##.......##
#..@.#.(.....##
#....#.......#
#....#.......#
#§§p§##......#
#§cD§##......##
#§§§e##....p..##
#.§§§###.......#### #.§§§#
##D........9. .. #..§§#
##...........


You could see an iron dragon, an ironheart preserver, a titan, a purple very
ugly thing and a yaktaur captain.

Vanquished Creatures
  Mara (Swamp:4)
  An ancient lich (Vaults:5)
  A juggernaut (Depths:3)
  Mennas (Depths:3)
  Margery (Vaults:3)
  the Lernaean hydra (Swamp:4)
  Saint Roka (Depths:1)
  2 caustic shrikes
  Nikola (Vaults:2)
  2 golden dragons
  Arachne (Spider:2)
  A bone dragon (Depths:5)
  4 liches
  A tentacled monstrosity (Vaults:4)
  A deep elf master archer (Elf:3)
  2 deep elf blademasters (Elf:3)
  A sphinx (Depths:4)
  Gastronok (D:11)
  4 thorn hunters
  Frances (Spider:1)
  A storm dragon (Depths:3)
  Kirke (Lair:2)
  6 tengu reavers
  2 fire giants (Depths:5)
  A deep elf sorcerer (Vaults:1)
  2 frost giants
  5 ghost moths (Spider:4)
  9 vault wardens
  A deep elf elementalist (Elf:3)
  A draconian shifter (Depths:5)
  7 emperor scorpions
  A spriggan defender (Depths:4)
  11 ironheart preservers
  21 stone giants
  10 very ugly things
  5 entropy weavers
  3 vampire knights
  4 deep elf annihilators
  A purple draconian (Depths:5)
  A dire elephant (D:15)
  2 orange crystal statues
  7 spark wasps
  8 ettins
  8 deep elf death magi
  Josephine (D:11)
  12 yaktaur captains
  4 fire dragons
  11 ogre magi
  2 deep elf high priests
  3 ice dragons
  5 great orbs of eyes
  33 vault guards
  5 shambling mangroves
  6 rakshasas
  27 hydras
  14 boulder beetles
  A ghost crab (Swamp:4)
  2 spriggan air magi (Depths:4)
  9 dancing weapons
  2 death knights (Vaults:3)
  7 centaur warriors
  30 two-headed ogres
  A hell hog (Depths:1)
  9 alligators
  4 spriggan berserkers
  4 tengu warriors
  6 deep troll shamans
  8 orc high priests
  4 deep troll earth magi
  2 vampire magi
  Urug (Lair:5)
  13 deep elf knights
  A shadow wraith (Vaults:3)
  3 hell knights (Vaults:3)
  4 skeletal warriors (Vaults:2)
  3 iron trolls
  A fire crab (Lair:6)
  A storm dragon skeleton (Vaults:2)
  6 glowing orange brains
  9 unseen horrors
  An infernal demonspawn (Orc:2)
  13 swamp dragons
  A sea snake (shapeshifter) (Depths:2)
  A spriggan druid (Swamp:4)
  3 torturous demonspawn
  19 deep trolls
  An obsidian statue (D:14)
  17 deep elf archers
  7 ironbrand convokers
  2 wizards (Vaults:3)
  A mana viper (shapeshifter) (Vaults:5)
  45 deep elf magi
  6 necromancers
  A wolf spider zombie (Spider:2)
  Pikel (D:9)
  A tengu skeleton (Depths:2)
  15 orc knights
  9 ugly things
  A human zombie (Vaults:2)
  33 wolf spiders
  A salamander (D:15)
  20 orb spiders
  8 cyclopes
  A frost giant zombie (Vaults:2)
  8 orc sorcerers
  A stone giant zombie (Depths:2)
  4 manticores
  A moth of wrath (Spider:4)
  A fire giant skeleton (Vaults:3)
  A centaur zombie (D:14)
  9 elephants
  7 black mambas
  2 molten gargoyles (Lair:6)
  2 gargoyles
  15 vault sentinels
  3 torpor snails
  2 orange demons (Orc:2)
  18 cane toads
  39 yaktaurs
  13 rime drakes
  A redback zombie (Spider:2)
  14 komodo dragons
  4 freezing wraiths
  A tormentor (Depths:3)
  2 yaktaurs (shapeshifter)
  21 demonic crawlers
  2 ice devils (Orc:2)
  3 polar bears
  2 guardian mummies (D:14)
  25 jumping spiders
  3 meliai (D:14)
  2 tengu conjurers
  8 trolls
  3 moth of wrath zombies (Spider:2)
  2 meliai (shapeshifter)
  11 tyrant leeches
  33 hornets
  A tengu simulacrum (Vaults:1)
  30 slime creatures
  19 bog bodies
  A jumping spider zombie (Spider:2)
  7 dream sheep (Lair:4)
  A stone giant simulacrum (Vaults:3)
  Sigmund (D:5)
  6 air elementals
  13 water elementals
  30 yaks
  8 wyverns
  64 redbacks
  A vampire (D:13)
  7 wraiths
  4 shadows
  27 tarantellas
  7 spriggans
  A wyvern (shapeshifter) (Vaults:1)
  A yak (shapeshifter) (D:13)
  Eustachio (D:9)
  An ettin skeleton (Vaults:3)
  11 basilisks
  4 nameless horrors
  2 fire elementals
  A steam dragon (Lair:6)
  A neqoxec (Orc:2)
  24 vampire mosquitoes
  Grum (D:10)
  3 small abominations
  Menkaure (D:4)
  25 insubstantial wisps
  A swamp worm (shapeshifter) (Vaults:1)
  20 swamp worms
  4 soldier ants (Spider:2)
  7 wargs
  9 hell hounds
  2 acid dragons (Vaults:2)
  A water moccasin (shapeshifter) (Depths:3)
  8 water moccasins
  9 black bears
  50 orc warriors
  13 swamp drakes
  4 sky beasts
  2 ice beasts
  2 phantoms
  2 hornet zombies
  31 ogres
  An eye of draining (D:11)
  A necrophage (D:8)
  9 boggarts
  32 wolves
  A centaur (shapeshifter) (Depths:3)
  A human skeleton (Vaults:2)
  24 centaurs
  4 lemures (D:9)
  A big kobold (D:7)
  Blork the orc (D:4)
  14 bullfrogs
  A bullfrog (shapeshifter) (Vaults:1)
  5 earth elementals
  15 scorpions
  A water moccasin skeleton (D:4)
  3 killer bees
  A human simulacrum (Vaults:2)
  The ghost of BruhMomento the Skirmisher, a weakling DsBe of Trog (D:3)
  15 wights
  4 lava snakes (Lair:6)
  2 quasits
  40 orc priests
  11 hounds
  16 jellies
  A centaur skeleton (D:7)
  4 iguanas
  22 worker ants
  35 orc wizards
  13 hell rats (Lair:6)
  Terence (D:2)
  A hound zombie (D:7)
  Robin (D:2)
  13 adders
  4 gnolls
  3 river rats (Sewer)
  A shadow imp (D:9)
  2 white imps
  2 ufetubi
  4 oozes
  3 adder zombies
  An adder skeleton (D:4)
  5 worms
  A dart slug (D:2)
  8 leopard geckos
  124 orcs
  5 ball pythons
  5 giant cockroaches
  12 goblins
  10 hobgoblins
  5 jackals
  8 kobolds
  3 quokkas
  8 bats
  16 frilled lizards
  A leopard gecko zombie (D:6)
  7 rats
  A bush (D:10)
  A butterfly (Lair:5)
  20 crawling corpses
1896 creatures vanquished.

Vanquished Creatures (collateral kills)
  Xtahua (Vaults:4)
  A lich (Depths:4)
  A deep elf master archer (Elf:3)
  A sphinx (Depths:3)
  A shadow dragon (Depths:5)
  A draconian knight (Depths:5)
  2 fire giants
  3 iron dragons
  3 frost giants
  4 deep elf elementalists (Elf:3)
  A spriggan defender (Depths:3)
  2 ironheart preservers (Vaults:4)
  6 very ugly things
  3 stone giants
  A vampire knight (Depths:4)
  6 deep elf demonologists (Elf:3)
  A purple draconian (Depths:5)
  2 black draconians (Depths:5)
  2 deep elf annihilators
  3 ettins
  A red draconian (Depths:5)
  A deep elf death mage (Elf:3)
  A merfolk impaler (Depths:3)
  3 deep elf high priests (Elf:3)
  4 fire dragons
  A hydra (Lair:6)
  3 yaktaur captains
  A spriggan air mage (Depths:5)
  A rakshasa (Depths:4)
  A vault guard (Vaults:5)
  A boulder beetle (Vaults:4)
  3 ice dragons
  A death knight (Vaults:3)
  An anaconda (shapeshifter) (Vaults:3)
  2 ogre magi
  3 tengu warriors
  2 deep troll shamans (Depths:3)
  A hell hog (Depths:1)
  An alligator (Swamp:4)
  3 deep troll earth magi
  A small abomination (Elf:3)
  A deep elf knight (Elf:3)
  2 hell knights (Vaults:3)
  2 flayed ghosts
  A torturous demonspawn (Depths:3)
  5 deep trolls
  An ironbrand convoker (Vaults:3)
  2 necromancers
  5 ugly things
  A tengu skeleton (Depths:2)
  A deep elf mage (Elf:3)
  9 yaktaurs
  A freezing wraith (Vaults:4)
  A hellwing (Depths:3)
  4 tengu conjurers
  A hornet (Spider:4)
  4 slime creatures
  A spriggan (shapeshifter) (Depths:1)
  2 water elementals
  An ettin skeleton (Vaults:3)
  A basilisk (Lair:6)
  A neqoxec (Depths:3)
  7 hell hounds (Depths:1)
  An orc warrior (Depths:1)
  4 ogres (Vaults:4)
  An earth elemental (Elf:3)
  A hell rat (Lair:6)
  4 orcs
  A crawling corpse (Elf:3)
  29 foxfires
176 creatures vanquished.

Vanquished Creatures (others)
  2 deep elf magi (Elf:2)
  A slime creature (Swamp:1)
  5 humans (Swamp:1)
  A swamp worm (Swamp:1)
  An orc (Orc:1)
  A bush (Lair:3)
  44 fire vortices
  3876 foxfires
  89 fungi
  150 plants
4170 creatures vanquished.

Grand Total: 6242 creatures vanquished

Notes
Turn   | Place    | Note
-------+----------+-------------------------------------------
     0 | D:1      | ringo67 the Felid Fire Elementalist began the quest for the
                  | Orb.
     0 | D:1      | Reached XP level 1. HP: 7/7 MP: 4/4
   399 | D:1      | Reached skill level 1 in Conjurations
   435 | D:1      | Reached XP level 2. HP: 11/11 MP: 1/6
  1073 | D:2      | Reached XP level 3. HP: 14/14 MP: 0/7
  1161 | D:2      | Learned a level 3 spell: Conjure Flame
  1272 | D:2      | Noticed Robin
  1294 | D:2      | Killed Robin
  1410 | D:2      | Reached XP level 4. HP: 18/18 MP: 2/8
  1463 | D:2      | Learned a level 4 spell: Sticky Flame
  1669 | D:2      | Noticed Terence
  1687 | D:2      | Killed Terence
  2611 | D:3      | Reached XP level 5. HP: 16/21 MP: 5/9
  3427 | D:3      | Noticed a small abomination
  3464 | D:3      | Found a one-way gate to the infinite horrors of the Abyss.
  3464 | D:3      | Noticed BruhMomento's ghost (weakling DsBe)
  3484 | D:3      | Found a transporter.
  3803 | D:4      | Found a glowing drain.
  3834 | Sewer    | Entered a sewer
  4364 | Sewer    | Gained mutation: You are covered in thick fur. (AC +2)
                  | [Felid growth]
  4364 | Sewer    | Reached XP level 6. HP: 24/24 MP: 6/11
  4546 | D:4      | Noticed Blork the orc
  4552 | D:4      | Killed Blork the orc
  4877 | D:4      | Noticed Menkaure
  4896 | D:4      | Killed Menkaure
  4896 | D:4      | Reached XP level 7. HP: 27/27 MP: 7/12
  4970 | D:4      | Reached skill level 5 in Fire Magic
  5984 | D:5      | Entered Level 5 of the Dungeon
  6069 | D:5      | Found Xigaish's Antique Armour Emporium.
  6079 | D:5      | Noticed Sigmund
  6088 | D:5      | Killed Sigmund
  6088 | D:5      | Reached skill level 5 in Conjurations
  6172 | D:5      | Found a staircase to the Ecumenical Temple.
  6198 | Temple   | Entered the Ecumenical Temple
  6340 | Temple   | Became a worshipper of Vehumet
  6402 | D:5      | Reached XP level 8. HP: 31/31 MP: 8/14
  6898 | D:6      | Reached skill level 3 in Dodging
  7502 | D:6      | Learned a level 5 spell: Fireball
  7828 | D:7      | Reached skill level 5 in Stealth
  7831 | D:7      | Reached skill level 4 in Dodging
  7995 | D:7      | Reached * piety under Vehumet
  7995 | D:7      | Offered knowledge of Sandblast by Vehumet.
  8006 | D:7      | Learned a level 1 spell: Sandblast
  8249 | D:7      | Got a brightly glowing steel ring
  8290 | D:7      | Identified the ring of Pessimism {rPois Stlth-} (You found
                  | it on level 7 of the Dungeon)
  8873 | D:7      | Noticed an unseen horror
  8883 | D:7      | Killed an unseen horror
  8883 | D:7      | Reached skill level 5 in Dodging
  8883 | D:7      | Reached skill level 5 in Spellcasting
  8883 | D:7      | Reached XP level 9. HP: 25/34 MP: 5/17
  9474 | D:7      | Noticed an unseen horror
  9488 | D:7      | Killed an unseen horror
  9488 | D:7      | Reached skill level 6 in Dodging
  9601 | D:7      | Found Zaaps's Book Shop.
  9882 | D:8      | Found Tyra's General Store.
  9960 | D:8      | Reached skill level 1 in Fighting
  9960 | D:8      | Reached skill level 7 in Dodging
 10576 | D:8      | Found a blossoming altar of Fedhas.
 10887 | D:8      | Reached XP level 10. HP: 40/40 MP: 20/20
 11232 | D:8      | Reached ** piety under Vehumet
 11639 | D:9      | Offered knowledge of Shock by Vehumet.
 11776 | D:9      | Found a staircase to the Lair.
 12018 | D:9      | Reached skill level 8 in Dodging
 12507 | D:9      | Noticed Pikel
 12902 | D:9      | Noticed Eustachio
 13100 | D:9      | Killed Eustachio
 13237 | D:9      | Found a runed translucent door.
 13306 | D:9      | Killed Pikel
 13961 | D:9      | Reached skill level 10 in Stealth
 13990 | D:9      | Offered knowledge of Mephitic Cloud by Vehumet.
 13996 | D:9      | Reached skill level 9 in Dodging
 14157 | D:9      | Learned a level 3 spell: Mephitic Cloud
 14220 | D:10     | Entered Level 10 of the Dungeon
 14453 | D:10     | Reached *** piety under Vehumet
 15082 | D:10     | Found a staircase to the Orcish Mines.
 15088 | D:10     | Offered knowledge of Airstrike by Vehumet.
 15584 | D:10     | Reached XP level 11. HP: 35/43 MP: 11/21
 15587 | D:10     | Noticed Grum
 15594 | D:10     | Killed Grum
 16637 | D:10     | Reached skill level 10 in Dodging
 16949 | Lair:1   | Entered Level 1 of the Lair of Beasts
 17667 | Lair:1   | Reached **** piety under Vehumet
 17730 | Lair:1   | Found a runed translucent door.
 17732 | Lair:1   | Noticed robertstho's ghost (journeyman KoHu)
 17937 | Lair:1   | Noticed a four-headed hydra
 18191 | Lair:1   | Killed a four-headed hydra
 18191 | Lair:1   | Reached skill level 1 in Earth Magic
 18265 | Lair:1   | Offered knowledge of Irradiate by Vehumet.
 18545 | Lair:2   | Found a dark tunnel.
 18552 | Volcano  | Entered a volcano
 19191 | Lair:2   | Noticed a seven-headed hydra
 19775 | Lair:2   | Reached skill level 11 in Dodging
 20081 | Lair:2   | Killed a seven-headed hydra
 20591 | Lair:2   | Gained mutation: Your thick and shaggy fur keeps you warm.
                  | (AC +3, rC+) [Felid growth]
 20591 | Lair:2   | Reached XP level 12. HP: 50/50 MP: 19/23
 20643 | Lair:2   | Found a hole to the Spider Nest.
 20787 | Lair:2   | Noticed a six-headed hydra
 20803 | Lair:2   | Killed a six-headed hydra
 20806 | Lair:2   | Reached skill level 5 in Fighting
 20885 | Lair:2   | Found a staircase to the Swamp.
 21968 | D:7      | Learned a level 1 spell: Sting
 22361 | Lair:3   | Reached skill level 1 in Transmutations
 22849 | Lair:3   | You fall into a shaft and drop 3 floors!
 22849 | Lair:6   | Entered Level 6 of the Lair of Beasts
 22877 | Lair:5   | Slain by a wolf
 22878 | Lair:5   | Reached XP level 11. HP: -1/48 MP: 17/22
 22878 | Lair:5   | Noticed Snorg
 23169 | Lair:5   | Noticed a five-headed hydra
 23181 | Lair:5   | Killed a five-headed hydra
 23193 | Lair:5   | Reached skill level 12 in Dodging
 24051 | Lair:4   | Noticed a five-headed hydra
 24059 | Lair:4   | Killed a five-headed hydra
 24691 | Lair:4   | Reached skill level 5 in Earth Magic
 24701 | Lair:4   | Reached ***** piety under Vehumet
 24703 | Lair:4   | Offered knowledge of Spellforged Servitor by Vehumet.
 24709 | Lair:4   | Reached XP level 12. HP: 53/53 MP: 13/24
 25436 | Lair:5   | Noticed Urug
 25977 | Lair:5   | Killed Urug
 26583 | Lair:5   | Found a staircase to the Slime Pits.
 26589 | Lair:5   | You fall into a shaft and drop 1 floor!
 26599 | Lair:6   | Noticed an eight-headed hydra
 26620 | Lair:6   | Found a large runed translucent door.
 26620 | Lair:6   | Found a large runed translucent door.
 26621 | Lair:6   | Noticed a fire dragon
 27164 | Lair:5   | Found a runed translucent door.
 27564 | Lair:6   | Reached skill level 5 in Transmutations
 27723 | Lair:6   | Noticed rz's ghost (journeyman DrIE)
 27968 | Lair:6   | Reached skill level 13 in Dodging
 28688 | Lair:6   | Noticed a four-headed hydra
 28691 | Lair:6   | Noticed a five-headed hydra
 28699 | Lair:6   | Killed a four-headed hydra
 28718 | Lair:6   | Killed a five-headed hydra
 28966 | Lair:6   | Noticed a six-headed hydra
 28984 | Lair:6   | Killed a six-headed hydra
 29135 | Lair:6   | Found a runed translucent door.
 29333 | Lair:6   | Reached XP level 13. HP: 50/58 MP: 19/26
 29753 | Lair:6   | Offered knowledge of Iron Shot by Vehumet.
 31146 | Lair:5   | Learned a level 6 spell: Iron Shot
 31319 | D:7      | Bought a book of Transfigurations for 825 gold pieces
 31911 | Lair:6   | Reached skill level 14 in Dodging
 34420 | Lair:6   | Killed a fire dragon
 35064 | Orc:1    | Entered Level 1 of the Orcish Mines
 35364 | D:10     | Identified a scroll of acquirement
 35364 | D:10     | Acquired 1119 gold pieces
 37856 | Orc:2    | Entered Level 2 of the Orcish Mines
 38159 | Orc:2    | Noticed Nessos
 39478 | Orc:2    | Noticed Nessos
 39478 | Orc:2    | Nessos changed into Nessos the swamp dragon
 39496 | Orc:2    | Killed Nessos the swamp dragon
 39496 | Orc:2    | Reached XP level 14. HP: 43/63 MP: 5/28
 39641 | Orc:2    | Offered knowledge of Orb of Destruction by Vehumet.
 39822 | Orc:2    | Found a staircase to the Elven Halls.
 40070 | Orc:2    | Found Vapur's Distillery.
 40629 | Orc:2    | Found Qigefu's Distillery.
 40631 | Orc:2    | Found Utothemma's Distillery.
 41245 | Orc:2    | Reached skill level 10 in Earth Magic
 42226 | Orc:2    | Gained mutation: You tend to lose your temper in combat. [a
                  | neqoxec]
 42226 | Orc:2    | Gained mutation: Your body sometimes deteriorates upon
                  | taking damage. [a neqoxec]
 42229 | Orc:2    | Lost mutation: Your body sometimes deteriorates upon taking
                  | damage. [potion of mutation]
 42229 | Orc:2    | Lost mutation: You tend to lose your temper in combat.
                  | [potion of mutation]
 42229 | Orc:2    | Gained mutation: You have a pair of small horns on your
                  | head. [potion of mutation]
 42229 | Orc:2    | Gained mutation: You are somewhat resistant to further
                  | mutation. [potion of mutation]
 42593 | Orc:2    | Learned a level 6 spell: Statue Form
 43584 | Orc:2    | Found Vout's Antique Armour Shoppe.
 43584 | Orc:2    | Found a one-way gate leading to the halls of Pandemonium.
 43584 | Orc:2    | Found Qyruwka's Book Emporium.
 43589 | Orc:2    | Reached skill level 10 in Spellcasting
 44893 | D:11     | Noticed Josephine
 44904 | D:11     | Killed Josephine
 45380 | D:11     | Noticed Gastronok
 45388 | D:11     | Killed Gastronok
 46384 | D:12     | Offered knowledge of Bolt of Magma by Vehumet.
 46576 | D:12     | Found a gateway to a bazaar.
 46583 | Bazaar   | Entered a bazaar
 46583 | Bazaar   | Found Luicvock's Book Emporium.
 46583 | Bazaar   | Found Qiemeja's Antique Armour Shoppe.
 46583 | Bazaar   | Found Dodeib's Assorted Antiques.
 46594 | Bazaar   | Bought an ancient steel ring for 75 gold pieces
 46594 | Bazaar   | Identified the ring "Wipsocem" {*Corrode rN+ MR+ Str+3
                  | Slay-3 SInv} (You bought it in a shop in a bazaar)
 46599 | Bazaar   | Bought a manual of Spellcasting for 1324 gold pieces
 49474 | D:13     | Reached XP level 15. HP: 67/67 MP: 19/30
 50987 | D:14     | You fall into a shaft and drop 1 floor!
 50987 | D:15     | Entered Level 15 of the Dungeon
 51402 | D:15     | Found a staircase to the Depths.
 51653 | D:15     | Reached skill level 15 in Dodging
 52157 | D:14     | Found a transporter.
 52192 | D:14     | Found a transporter.
 52192 | D:14     | Noticed Kaverida's ghost (journeyman OgCK)
 52315 | D:14     | Reached skill level 10 in Fire Magic
 52426 | D:14     | Found a portal to a secret trove of treasure.
 53510 | D:14     | Found a gate to the Vaults.
 57653 | Swamp:1  | Entered Level 1 of the Swamp
 58557 | Swamp:1  | Noticed Kirke
 58559 | Swamp:1  | Noticed a sphinx
 59033 | Lair:2   | Noticed a sphinx
 59033 | Lair:2   | Killed Kirke
 59878 | Swamp:1  | Reached skill level 10 in Conjurations
 60132 | Lair:2   | Paralysed by a hornet for 2 turns
 60960 | Swamp:1  | Noticed a thorn hunter
 60970 | Swamp:1  | Offered knowledge of Ozocubu's Refrigeration by Vehumet.
 61040 | Lair:2   | Killed a thorn hunter
 63293 | Swamp:2  | Reached XP level 16. HP: 72/72 MP: 26/33
 63530 | Swamp:2  | Acquired the ring "Voap Qoa" {rElec rF+ MP+9 Str-2 SInv}
 64641 | Swamp:3  | Noticed a thorn hunter
 64764 | Swamp:3  | Killed a thorn hunter
 65496 | Swamp:3  | Found a shimmering altar of Xom.
 65736 | Swamp:3  | Noticed a thorn hunter
 65741 | Swamp:3  | Killed a thorn hunter
 66147 | Swamp:4  | Entered Level 4 of the Swamp
 66148 | Swamp:4  | Noticed Mara
 66806 | Swamp:3  | Offered knowledge of Starburst by Vehumet.
 67937 | Swamp:4  | Noticed ringo67's illusion
 71208 | Swamp:4  | Identified the cursed +0 leather armour of Purpose {*Slow
                  | rF- rCorr Dex+9}
 71501 | Swamp:4  | Noticed ringo67's illusion
 71592 | Swamp:4  | Killed Mara
 71667 | Swamp:4  | Noticed the 27-headed Lernaean hydra
 71760 | Swamp:4  | Reached skill level 10 in Fighting
 72344 | Swamp:4  | Killed the 27-headed Lernaean hydra
 72344 | Swamp:4  | Reached XP level 17. HP: 76/76 MP: 16/35
 72431 | Swamp:4  | Got a decaying rune of Zot
 73598 | Spider:1 | Entered Level 1 of the Spider Nest
 74327 | Spider:1 | Reached skill level 16 in Dodging
 76093 | Spider:2 | Noticed Frances
 76131 | Spider:2 | Noticed Arachne
 76545 | Spider:1 | Killed Frances
 76790 | Spider:2 | Killed Arachne
 77051 | Spider:2 | Offered knowledge of Chain Lightning by Vehumet.
 82535 | Spider:2 | Reached skill level 17 in Dodging
 84052 | Spider:2 | Got a scorched copper amulet
 84053 | Spider:2 | Identified the amulet "Ymmit" {Spirit MR- Int+6} (You found
                  | it on level 2 of the Spider Nest)
 86056 | Spider:3 | Reached XP level 18. HP: 83/83 MP: 29/36
 87056 | Spider:4 | Entered Level 4 of the Spider Nest
 87277 | Spider:4 | Learned a level 5 spell: Borgnjor's Vile Clutch
 88529 | Spider:4 | Paralysed by a hornet for 3 turns
 90356 | Spider:3 | Reached ****** piety under Vehumet
 93868 | Spider:3 | Reached skill level 18 in Dodging
 94236 | Spider:4 | Got a gossamer rune of Zot
 94623 | Vaults:1 | Entered Level 1 of the Vaults
 95218 | D:3      | Killed BruhMomento's ghost
 95222 | D:3      | Found a transporter.
 95224 | D:3      | Offered knowledge of Lehudib's Crystal Spear by Vehumet.
 95224 | D:3      | Offered knowledge of Fire Storm by Vehumet.
 95224 | D:3      | Offered knowledge of Tornado by Vehumet.
 95234 | D:3      | Learned a level 2 spell: Blink
 95425 | D:3      | Learned a level 8 spell: Lehudib's Crystal Spear
 96387 | Vaults:1 | Identified the +5 quarterstaff of Resumed Hostilities
                  | {antimagic, rElec rF- Str-2 Int+9}
 97165 | Vaults:1 | Found Vecsoc's Distillery.
 97169 | Vaults:1 | Bought a potion of heal wounds for 75 gold pieces
 99718 | Vaults:2 | Reached XP level 19. HP: 89/89 MP: 34/38
100565 | Vaults:2 | Noticed Nikola
100990 | Vaults:2 | Killed Nikola
103311 | Vaults:2 | HP: 1/90 [vault warden/+0 glaive (20)]
103715 | Vaults:2 | Acquired 376 gold pieces
103908 | Vaults:2 | Reached skill level 15 in Spellcasting
104067 | Vaults:2 | Noticed Sojobo
104383 | Vaults:2 | Killed from afar by Sojobo
104384 | Vaults:2 | Reached XP level 18. HP: -1/86 MP: 0/47
106781 | Vaults:3 | Found Voffiuv's Book Boutique.
107476 | Vaults:3 | Noticed a lich
108160 | Vaults:3 | Killed a lich
108744 | Vaults:3 | Reached XP level 19. HP: 91/91 MP: 24/39
109031 | Orc:2    | Bought a book of Power for 630 gold pieces
109040 | Orc:2    | Learned a level 7 spell: Spellforged Servitor
109102 | Elf:1    | Entered Level 1 of the Elven Halls
109534 | Elf:1    | Reached skill level 1 in Summonings
110433 | Elf:1    | Found Gonam's Assorted Antiques.
111635 | Elf:2    | Reached skill level 19 in Dodging
111847 | Elf:2    | Found a magical portal.
111856 | WizLab   | Entered Wucad Mu's Monastery
111934 | WizLab   | Found the +9 staff of Wucad Mu {channel}
112164 | WizLab   | Reached XP level 20. HP: 96/96 MP: 40/40
113828 | Elf:2    | Reached skill level 15 in Fighting
114295 | Elf:2    | Found a runed translucent gate.
114296 | Elf:2    | Found a runed translucent gate.
114297 | Elf:2    | Found a runed translucent gate.
114378 | Elf:3    | Entered Level 3 of the Elven Halls
115660 | Elf:3    | Reached skill level 15 in Conjurations
115782 | Elf:3    | Identified the ring "Josapyirgh" {rPois rC+ Stlth+}
117212 | Elf:3    | Reached skill level 15 in Fire Magic
118212 | Elf:3    | Identified the amulet of Sif Muna's Pride {Reflect rPois
                  | MR- Int+4 SH+5 SInv}
118449 | Elf:3    | Found Xabuig's Armour Shop.
118656 | Elf:3    | Identified the +10 trident of the Five Spines {venom,
                  | rElec}
119534 | Elf:3    | Found the +0 staff of Battle
119587 | Elf:3    | Got a wavering bronze amulet
120066 | Vaults:1 | Identified the amulet of Peicarro {Inacc rPois rF+ rN+
                  | Stlth+} (You found it on level 3 of the Elven Halls)
121972 | Vaults:3 | Reached XP level 21. HP: 102/102 MP: 37/41
122059 | Vaults:3 | Found a staircase to the Crypt.
123553 | Vaults:3 | Noticed Margery
123579 | Vaults:3 | Killed Margery
124374 | Vaults:4 | Found Eckuacir's Assorted Antiques.
124379 | Vaults:4 | Bought a scroll of acquirement for 1612 gold pieces
124379 | Vaults:4 | Bought a smoking pewter ring for 155 gold pieces
124381 | Vaults:4 | Acquired 1237 gold pieces
124385 | Vaults:4 | Identified the ring "Pibloitu" {rC+ Slay+2 Stlth-} (You
                  | bought it in a shop on level 4 of the Vaults)
128537 | Vaults:4 | Noticed Xtahua
128549 | Vaults:4 | Killed Xtahua
128816 | Depths:1 | Entered Level 1 of the Depths
128816 | Depths:1 | Found Osuzoh's Gadget Shoppe.
129505 | Depths:1 | Noticed Saint Roka
129512 | Depths:1 | Killed Saint Roka
129591 | Depths:1 | Learned a level 9 spell: Fire Storm
129993 | Depths:1 | Found a transporter.
129995 | Depths:1 | Noticed Vuf Xam's ghost (adept DgCj)
129996 | Depths:1 | Found a transporter.
130477 | Depths:1 | Found a gateway to Hell.
130875 | Depths:1 | Found a runed translucent door.
130894 | Depths:1 | You fall into a shaft and drop 1 floor!
133016 | Depths:2 | Found a runed translucent gate.
133016 | Depths:2 | Found a runed translucent gate.
133016 | Depths:2 | Found an ancient bone altar of Kikubaaqudgha.
133016 | Depths:2 | Found a runed translucent gate.
133016 | Depths:2 | Noticed an ancient lich
133016 | Depths:2 | Noticed an ancient lich
133016 | Depths:2 | Noticed Qiddiboepp's ghost (adept DgCj)
133016 | Depths:2 | Noticed an ancient lich
133829 | Depths:3 | Noticed Mennas
134612 | Depths:3 | Killed Mennas
134612 | Depths:3 | Reached XP level 22. HP: 108/108 MP: 18/43
134986 | Depths:3 | Reached skill level 1 in Evocations
135218 | Depths:3 | Noticed a juggernaut
136014 | Depths:3 | Noticed a golden dragon
136846 | Depths:3 | Noticed a caustic shrike
136852 | Depths:3 | Killed a caustic shrike
137433 | Depths:3 | Killed a golden dragon
138013 | Depths:3 | Killed a juggernaut
138258 | Depths:3 | Identified the ring of Twilight {Str+2 Slay+4}
138293 | Depths:3 | Identified the ring of Divine Intervention {MR+ Dex+7
                  | Stlth+} (You found it on level 3 of the Depths)
138305 | Depths:3 | Got a scorched ruby amulet
138306 | Depths:3 | Identified the amulet "Esugugh" {Faith Fragile rF+ Dex+4
                  | SInv} (You found it on level 3 of the Depths)
138309 | Depths:3 | Got a sparkling silver ring
138339 | Depths:3 | Found a runed translucent door.
138339 | Depths:3 | Found a runed translucent door.
139463 | Depths:4 | Reached skill level 20 in Dodging
141567 | Depths:4 | Noticed a caustic shrike
142154 | Depths:4 | Killed a caustic shrike
142992 | Depths:4 | Identified the ring of Hufumm {*Corrode +Inv rF+ rN+
                  | Stlth+} (You found it on level 3 of the Depths)
143685 | Depths:5 | Entered Level 5 of the Depths
144677 | Depths:5 | Found a gate to the Realm of Zot.
144678 | Depths:5 | Noticed a golden dragon
144987 | Depths:5 | Killed a golden dragon
145413 | Depths:5 | Reached XP level 23. HP: 106/115 MP: 6/44
145667 | Depths:5 | Found Qizut's Antique Weapon Shoppe.
145997 | Depths:5 | Found a gateway to a ziggurat.
146168 | Depths:5 | Identified the Compendium of Virous Hexes
147061 | Vaults:5 | Entered Level 5 of the Vaults
147276 | Vaults:5 | Noticed an ancient lich
147285 | Vaults:5 | Killed an ancient lich
147384 | Vaults:5 | HP: 4/116 [quicksilver dragon (19)]
147385 | Vaults:5 | Killed from afar by a frost giant
147386 | Vaults:5 | Reached XP level 22. HP: -19/112 MP: 0/43
147407 | Vaults:5 | Found Wogio's Distillery.
147423 | Vaults:5 | Noticed an ancient lich
147425 | Vaults:5 | Paralysed by an ancient lich for 5 turns
147426 | Vaults:5 | HP: 5/112 [vault warden/+3 great sword of holy wrath (30)]
147427 | Vaults:5 | Slain by a vault warden
147428 | Vaults:5 | Reached XP level 21. HP: -4/108 MP: 0/42
147430 | Vaults:5 | Noticed an ancient lich
147477 | Vaults:5 | Killed from afar by a titan

Illustrated notes

Levels and vault maps discovered:
D:1:      saegor_arrival_simple_b, layout_loops_ring, kennysheep_flooded_box,
          corexii_leaking_fountain, minmay_hexomino_u4
D:2:      layout_rooms, serial_glass, glass_columns_a, glass_columns_b,
          uniq_robin, uniq_terence
D:3:      layout_loops_ring, gammafunk_ghost_abyssal_escape
D:4:      layout_basic, portal_sewer_entry_a, uniq_menkaure, uniq_blork_the_orc
D:5:      layout_loops_cross, temple_doors_e, serial_shops, shop, uniq_sigmund
D:6:      layout_basic
D:7:      layout_loops_corners, serial_shops, kennysheep_little_box
D:8:      layout_loops_ring, lemuel_crystal_altar, serial_shops,
          nicolae_shop_waterfront
D:9:      layout_irregular_city, erik_lair_orcish_takeover, minmay_st_funbox,
          sword_in_stone, uniq_pikel
D:10:     layout_long_grid, hiddenorc2_lemuel, kennysheep_path_1,
          kb_lookout_dungeons_type, chequers_decorated_corner, uniq_grum
D:11:     layout_roguey, uniq_gastronok, uniq_josephine
D:12:     layout_grid_maze, serial_shops, bzr_entry_islet
D:13:     layout_loops_ring, chequers_serial_rivers_micro_e
D:14:     layout_stronghold, erik_vaults_2, gammafunk_ghost_arena,
          minmay_staircase_windowed_small, nicolae_trove_entry_path_of_doom,
          minivault_16
D:15:     hangedman_depths_entry_try_elsewhere_first, layout_basic
Temple:   kilobyte_greek_temple
Lair:1:   layout_cave_shapes, ebering_ghost_inner_flame
Lair:2:   layout_small_grid, swamp_mist_pool, nicolae_spider_entry_orb_guardian,
          enter_volcano_1, st_stairs_9
Lair:3:   layout_layer_cave
Lair:4:   layout_hall_layers, serial_bayou_shore_b
Lair:5:   gammafunk_mikee_crab_dinner, layout_big_grid,
          minmay_slime_entry_jelly_boxes, wad_woods_road_04,
          lemuel_fruit_fields, uniq_urug, uniq_snorg
Lair:6:   cheibrodos_lair_end_hotspot, layout_layer_cave,
          hellmonk_ghost_happy_afterlife, special_room
          [special_room_mythical_zoo], minmay_lair_drake_nest,
          minmay_lair_oklob_chamber
Swamp:1:  layout_falls_marsh, serial_swamp_ruin, evilmike_swamp_ruin_house_4,
          evilmike_swamp_ruin_house_1, evilmike_swamp_ruin_house_3, swamp_pool4,
          infiniplex_staircase_pool, uniq_kirke
Swamp:2:  layout_falls_marsh, evilmike_swamp_ruin_house_2, swamp_pool2
Swamp:3:  layout_falls_marsh, basic_altar
Swamp:4:  grunt_swamp_rune_castle, layout_basic_swamp, uniq_mara
Spider:1: layout_spider_delve
Spider:2: hangedman_creepy_crawlies, uniq_arachne, uniq_frances
Spider:3: layout_spider_delve, nicolae_spider_circle_web, drop_trap
Spider:4: johnstein_spider_rune_arachne_lair
Orc:1:    layout_caves
Orc:2:    pf_orc_diabolical, layout_caves, serial_shops, nicolae_shop_trees,
          portal_ice_cave_entry_pillars_1, uniq_nessos
Elf:1:    minmay_elf_arrival_summoners, layout_gridlike, serial_shops,
          nicolae_shop_stone, minmay_elf_crystal_hexagon
Elf:2:    layout_geoelf_grid, mu_enter_wizlab_5,
          minmay_checkered_concentric_circles
Elf:3:    grunt_elf_hall_spiral, layout_geoelf_grid, serial_shops, shop,
          minivault_16
Vaults:1: v_alt_pattern_1, hangedman_vaults_corner, ontoclasm_vaults_ligature,
          nicolae_vaults_network_quinsquares
          [nicolae_vaults_network_quincunx_subvault,
          nicolae_vaults_network_quincunx_subvault,
          nicolae_vaults_network_quincunx_subvault,
          nicolae_vaults_network_quincunx_subvault],
          nicolae_vaults_specimen_jars, v_misc_30,
          ontoclasm_vaults_decontamination, hangedman_vaults_pinch,
          nicolae_vaults_yaktaur_gun_rack, layout_vaults_big_room, serial_shops,
          shop
Vaults:2: v_misc_19, grunt_vaults_trifunnel, vaults_mumra_hex, v_misc_9,
          hangedman_vaults_stretched_pinwheel, v_rooms_3, v_misc_23,
          vaults_standard_mumra_x, vaults_room_corners,
          nicolae_vaults_little_squares_5, ontoclasm_vaults_pinch,
          layout_vaults_ring, uniq_sojobo, uniq_nikola
Vaults:3: vaults_room_corners, ontoclasm_vaults_gateway, v_misc_2,
          hangedman_vaults_hard_town_square, nicolae_vaults_disjoint_gnomons,
          nicolae_vaults_big_ls, nicolae_vaults_ninety_degrees,
          blue_anna_dwarven_crypt, v_pattern_4, ontoclasm_vaults_bender,
          v_misc_19, layout_vaults_omnibox, serial_shops, shop, uniq_margery
Vaults:4: vaults_room_semicircle, v_pattern_2, nicolae_vaults_twisting_passages,
          nicolae_vaults_asterisk, v_misc_16, v_alt_pattern_2, v_misc_27,
          st_check, grunt_vaults_hallway_short, ontoclasm_vaults_ring_small,
          vaults_mumra_hexcomb, vaults_room_stairs_pillars,
          nicolae_vaults_ring_of_whatevers, layout_vaults_maze, serial_shops,
          shop, uniq_xtahua
Vaults:5: serial_shops
Depths:1: layout_cave_pools, grunt_decor_mini_mirrors, grunt_hell_horde,
          serial_shops, shop, gammafunk_ghost_arena, minmay_acid_items,
          uniq_saint_roka
Depths:2: kennysheep_big_flooded_room, layout_basic, gammafunk_ghost_crypt,
          grunt_hell_entry_dis_grunt, rand_demon_pan_entry_7, nicolae_wwwww,
          minmay_staircase_bubble
Depths:3: minmay_the_grid_triangle_9x9_recursive_2
          [minmay_the_grid_triangle_9x9_prize_special,
          minmay_the_grid_triangle_9x9_semitri,
          minmay_the_grid_triangle_9x9_tough_junction,
          minmay_the_grid_triangle_9x9_cache], layout_cave_shapes,
          chequers_big_river, abyss_entry, hell_entry, rand_demon_pan_entry_9,
          infiniplex_staircase_river, uniq_mennas
Depths:4: minmay_blocking_statues, layout_gridlike, pf_coc_iceberg, abyss_entry,
          serial_sigils, serial_sigils_hangedman_writhe,
          serial_sigils_hangedman_snap, serial_sigils_hangedman_gnaw,
          serial_sigils_hangedman_quiver
Depths:5: grunt_zot_entry_tricorne, layout_cave_pools, enter_ziggurat_a,
          serial_shops, nicolae_shop_trees, minmay_misc_feat_diagonals,
          pf_vacation_house_of_asmodeus

Skill      XL: |  1  2  3  4  5  6  7  8  9 10 11 12 13 14 15 16 17 18 19 20 21 22 23 |
---------------+----------------------------------------------------------------------+-----
Conjurations   | 1 2 3 4 5 6 7 8 10 12 13 14 15 16 17 | 17.5
Stealth        | 3 4 6 8 10 11 12 | 12.3
Fire Magic     | 3 4 6 7 8 9 11 12 13 14 15 16 17 | 17.5
Spellcasting   | 3 5 6 7 8 9 10 12 13 14 15 16 | 16.0
Dodging        | 5 7 9 12 13 14 15 17 18 19 20 | 20.0
Fighting       | 2 6 7 8 9 10 11 14 16 18 19 | 19.1
Earth Magic    | 5 6 9 11 12 13 14 | 14.2
Transmutations | 3 6 7 8 |  8.0
Summonings     | 3 4 |  4.0
Evocations     | 3 |  3.1

Action                   |  1- 3 |  4- 6 |  7- 9 | 10-12 | 13-15 | 16-18 | 19-21 | 22-24 || total
-------------------------+-------+-------+-------+-------+-------+-------+-------+-------++-------
Melee: Unarmed           |    24 |    11 |    18 |   112 |   199 |   331 |    37 |     5 ||   737
       Bite              |     3 |       |     1 |    12 |    19 |    37 |     4 |       ||    76
       Headbutt          |       |       |       |       |    35 |    71 |     7 |     2 ||   115
 Cast: Foxfire           |    57 |   158 |   262 |   790 |   602 |   389 |    29 |     6 ||  2293
       Conjure Flame     |       |     1 |       |     5 |     1 |     1 |       |       ||     8
       Sticky Flame      |       |       |     6 |    97 |   128 |   220 |     4 |       ||   455
       Fireball          |       |       |     3 |    60 |   179 |    97 |    91 |    14 ||   444
       Mephitic Cloud    |       |       |       |     6 |    10 |     5 |     6 |       ||    27
       Sandblast         |       |       |       |     2 |    37 |     3 |     6 |       ||    48
       Iron Shot         |       |       |       |       |   201 |   601 |   527 |   173 ||  1502
       Statue Form       |       |       |       |       |     6 |    55 |     5 |       ||    66
       Borgnjor's Vile C |       |       |       |       |       |     7 |    15 |     4 ||    26
       Lehudib's Crystal |       |       |       |       |       |     6 |    43 |    32 ||    81
       Blink             |       |       |       |       |       |       |     5 |       ||     5
       Spellforged Servi |       |       |       |       |       |       |    82 |    44 ||   126
       Fire Storm        |       |       |       |       |       |       |     3 |    17 ||    20
Evoke: Wand              |       |       |       |       |     1 |     3 |       |       ||     4
       Condenser vane    |       |       |       |       |       |       |       |     1 ||     1
  Use: Scroll            |       |    12 |     4 |    16 |    14 |    18 |    18 |    11 ||    93
       Potion            |       |       |       |       |     7 |     8 |     6 |     5 ||    26
 Stab: Sleeping          |     1 |     3 |     2 |     3 |    12 |     6 |     2 |       ||    29
       Distracted        |       |       |       |       |     1 |       |     1 |       ||     2
Armor: Skin              |       |     1 |       |     7 |    35 |   223 |     3 |     1 ||   270
Dodge: Dodged            |    24 |    17 |    27 |   275 |   798 |  2121 |   368 |   119 ||  3749

Table legend: (Time is in decaauts)
 A = Elapsed time spent in this place.
 B = Non-inter-level travel time spent in this place.
 C = Inter-level travel time spent in this place.
 D = Time resting spent in this place.
 E = Time spent auto-exploring this place.
 F = Levels seen in this place.
 G = Mean time per level.
                   A        B        C        D        E       F      G
               +--------+--------+--------+--------+--------+-----+--------+
         Total | 140551 | 135872 |   4679 |  87551 |  22448 |  49 | 2868.4 |
       Dungeon |  32234 |  30164 |   2070 |  16779 |   8838 |  15 | 2148.9 |
        Temple |    145 |    116 |     29 |      0 |     89 |   1 |  145.0 |
          Lair |  19422 |  18724 |    698 |  11791 |   3916 |   6 | 3237.0 |
         Swamp |  13295 |  13003 |    292 |   8750 |   1634 |   4 | 3323.8 |
   Spider Nest |  20155 |  19768 |    387 |  13803 |   1563 |   4 | 5038.8 |
  Orcish Mines |   7713 |   7483 |    230 |   5435 |    530 |   2 | 3856.5 |
   Elven Halls |   9632 |   9433 |    199 |   6371 |   1156 |   3 | 3210.7 |
        Vaults |  20429 |  20042 |    387 |  13110 |   2205 |   5 | 4085.8 |
        Depths |  16358 |  15974 |    384 |  11031 |   2344 |   5 | 3271.6 |
        Bazaar |     26 |     26 |      0 |      0 |      0 |   1 |   26.0 |
         Sewer |    703 |    703 |      0 |    373 |     93 |   1 |  703.0 |
       Volcano |     76 |     76 |      0 |      0 |      0 |   1 |   76.0 |
        Wizlab |    357 |    357 |      0 |    106 |     75 |   1 |  357.0 |
               +--------+--------+--------+--------+--------+-----+--------+

Top non-repeatable levels by time:
Spider:2: 7472 daAuts
Vaults:2: 7272 daAuts
  Lair:2: 6144 daAuts
 Swamp:3: 5684 daAuts
    D:14: 5633 daAuts
Spider:4: 5146 daAuts
Depths:3: 4945 daAuts
Vaults:1: 4796 daAuts
  Lair:6: 4700 daAuts
Vaults:3: 4554 daAuts
   Orc:1: 4450 daAuts
  Lair:5: 4140 daAuts
Spider:1: 4064 daAuts
Depths:2: 4051 daAuts
    D:10: 3857 daAuts
